WCHLSIM.com - West Coast Hockey League
Dernière mise à jour: 2025-12-07 16:11:59
html PUBLIC "-//W3C//DTD XHTML 1.0 Transitional//EN" "http://www.w3.org/TR/xhtml1/DTD/xhtml1-transitional.dtd"> WCHL - Game 340 - CALGARY FIREMEN vs SAN JOSE BRONCOS

CALGARY FIREMEN vs SAN JOSE BRONCOS

Created - 2 décembre 2024 at 15:06

Goals
1 2 3 T
CALGARY FIREMEN 0 0 1 1
SAN JOSE BRONCOS 1 2 2 5
Shots
1 2 3 T
CALGARY FIREMEN 10 7 13 30
SAN JOSE BRONCOS 9 8 14 31

1st period

1. SAN JOSE BRONCOS , Cole Caufield 8 (Oliver Bjorkstrand 7) at 10:36

Penalties :
Jesper Bratt (SJO) for Cross-checking (Minor) at 3:49, Jake Bean (SJO) for Roughing (Minor) at 6:05

2nd period

2. SAN JOSE BRONCOS , Clayton Keller 5 (Jesper Bratt 16, Brayden Point 13) at 11:42
3. SAN JOSE BRONCOS , Cole Caufield 9 (Timothy Liljegren 6, Oliver Bjorkstrand 8) at 13:09

Penalties :
No Penalty

3rd period

4. SAN JOSE BRONCOS , Ilya Mikheyev 2 (Jeff Carter 3) at 11:10
5. SAN JOSE BRONCOS , Cole Caufield 10 (Jaccob Slavin 7, Jack Roslovic 4) at 11:34
6. CALGARY FIREMEN , Brett Howden 4 (Darren Raddysh 2, Cody Glass 2) at 18:58

Penalties :
Ryan Graves (CGY) for Tripping (Minor) at 8:31

Goalie Stats

Marc-Andre Fleury (CGY), 26 saves from 31 shots - (0,839), L, 8-9-2, 60:00 minutes
Semyon Varlamov (SJO), 29 saves from 30 shots - (0,967), W, 6-12-2, 60:00 minutes

Players Stats for CALGARY FIREMEN

Player Name              G  A  P  +/- PIM S  H  SB GA TA FO     MP     PP MP  PK MP  
------------------------------------------------------------------------------------
Andrew Copp              0  0  0  -2  0   2  1  0  0  0  9/21   19:07   1:56   0:00 
Brett Howden             1  0  1  -1  0   1  0  0  0  0  3/11    6:34   0:00   0:00 
Calle Jarnkrok           0  0  0  -2  0   1  4  0  0  0  2/3    20:35   1:56   1:28 
Cody Glass               0  1  1  -1  0   0  0  0  0  0  0/1     6:34   0:00   0:00 
Darren Raddysh           0  1  1   0  0   1  2  1  0  0  0/0    16:25   0:00   1:28 
Evgeny Kuznetsov         0  0  0  -1  0   0  0  0  0  0  17/25  18:05   2:02   0:00 
Fabian Zetterlund        0  0  0  -2  0   7  2  0  0  0  0/4    19:13   2:02   0:00 
Filip Forsberg           0  0  0  -1  0   6  1  0  0  0  0/1    21:13   2:02   0:00 
Isac Lundestrom          0  0  0   0  0   2  0  0  0  0  0/0    11:38   0:00   0:31 
Jack Drury               0  0  0   0  0   0  0  0  0  0  12/17  15:43   0:00   1:28 
Jake McCabe              0  0  0  -2  0   2  4  1  0  0  0/0    23:04   2:02   0:00 
Jared Spurgeon           0  0  0  -2  0   1  1  1  0  0  0/0    21:21   2:02   1:15 
Martin Fehervary         0  0  0  -2  0   0  1  3  0  0  0/0    20:31   1:56   0:31 
Mason Marchment          0  0  0  -1  0   6  1  0  0  0  0/0    21:07   1:56   0:00 
Michael McCarron         0  0  0   0  0   0  0  0  0  0  1/1    11:38   0:00   0:31 
Rasmus Sandin            0  0  0  -2  0   1  0  1  0  0  0/0    23:42   1:56   0:44 
Ryan Graves              0  0  0   0  2   0  1  1  0  0  0/0    14:56   0:00   0:00 
Yakov Trenin             0  0  0  -1  0   0  2  0  0  0  0/0     6:34   0:00   0:00 

Players Stats for SAN JOSE BRONCOS

Player Name              G  A  P  +/- PIM S  H  SB GA TA FO     MP     PP MP  PK MP  
------------------------------------------------------------------------------------
Adam Pelech              0  0  0   1  0   2  1  0  0  0  0/0    20:34   0:59   1:21 
Brayden Point            0  1  1   1  0   6  1  0  0  0  13/27  23:25   0:59   2:53 
Brett Leason             0  0  0   0  0   2  0  0  0  0  1/1    13:27   0:00   1:11 
Clayton Keller           1  0  1   1  0   4  1  0  0  0  1/2    21:37   0:59   1:05 
Cole Caufield            3  0  3   3  0   9  0  0  0  0  0/0    17:35   1:00   0:00 
Ilya Mikheyev            1  0  1   0  0   1  1  0  0  0  1/1    12:16   0:00   0:00 
Jaccob Slavin            0  1  1   3  0   0  1  6  0  0  0/0    24:13   1:00   2:37 
Jack Roslovic            0  1  1   3  0   2  0  0  0  0  8/21   17:35   1:00   0:00 
Jake Bean                0  0  0   0  2   0  0  1  0  0  0/0    15:12   0:00   0:00 
Jake Walman              0  0  0   0  0   0  0  1  0  0  0/0    15:13   0:00   0:00 
Jeff Carter              0  1  1   0  0   1  0  0  0  0  12/17  12:16   0:00   0:00 
Jesper Bratt             0  1  1   1  2   1  4  0  0  0  1/2    22:13   0:59   1:42 
Mattias Janmark-Nylen    0  0  0   0  0   0  1  0  0  0  0/0     5:39   0:00   0:00 
Oliver Bjorkstrand       0  2  2   3  0   3  3  0  0  0  2/2    18:40   1:00   1:05 
Thomas Harley            0  0  0   3  0   0  2  2  0  0  0/0    24:13   1:00   2:37 
Timothy Liljegren        0  1  1   1  0   0  1  3  0  0  0/0    20:34   0:59   1:21 
Tyler Motte              0  0  0   0  0   0  0  0  0  0  0/0     5:39   0:00   0:00 
Zach Benson              0  0  0   0  0   0  0  0  0  0  1/11    5:39   0:00   0:00 

3 Stars

1 - Cole Caufield (SJO)
2 - Oliver Bjorkstrand (SJO)
3 - Jaccob Slavin (SJO)

Power Play

CALGARY FIREMEN - 0 on 2 Attempt(s) - 0,00%
SAN JOSE BRONCOS - 0 on 1 Attempt(s) - 0,00%

Penalty Kill

CALGARY FIREMEN - 1 on 1 Attempt(s) - 100,00% - Score 0 goal in Penalty Kill
SAN JOSE BRONCOS - 2 on 2 Attempt(s) - 100,00% - Score 0 goal in Penalty Kill

Team Stat

CALGARY FIREMEN - Hits : 20 - Faceoff Wins : 44 - Blocked Shots : 8 - Penalty Minutes : 2
SAN JOSE BRONCOS - Hits : 16 - Faceoff Wins : 40 - Blocked Shots : 13 - Penalty Minutes : 4

Official

Referees : Terry Koharski and Steve Kozari
Linesman : Libor Suchanek and Derek Nansen

Game Notes

Evgeny Kuznetsov is injured at 11:08 of 3rd period (Broken Ribs)
Cole Caufield has scored a Hat Trick!

Finance

Level 1 -- Attendance: 6160 (82,13%) -- Ticket Income 1 170 400 $
Level 2 -- Attendance: 5173 (86,22%) -- Ticket Income 672 490 $
Level 3 -- Attendance: 2264 (50,31%) -- Ticket Income 237 720 $
Level 4 -- Attendance: 3991 (66,52%) -- Ticket Income 319 280 $
Luxury Box -- Attendance: 1000 (100,00%) -- Ticket Income 325 000 $
Total Attendance: 18588 (74,35%)
Total Ticket Income: 2 724 890 $
Other Expense: 27 249 $
Total Income: 2 697 641 $

CALGARY FIREMEN

5 vs 5 Forward 
   Center                   Left Wing                Right Wing               Time % Phy DF OF 
 1 Evgeny Kuznetsov         Mason Marchment          Filip Forsberg           35     0   1  4  
 2 Andrew Copp              Fabian Zetterlund        Calle Jarnkrok           32     0   2  3  
 3 Jack Drury               Isac Lundestrom          Michael McCarron         24     1   3  1  
 4 Brett Howden             Yakov Trenin             Cody Glass               9      1   3  1  

5 vs 5 Defense 
   Defense                  Defense                                           Time % Phy DF OF 
 1 Jake McCabe              Rasmus Sandin                                     35     0   2  3  
 2 Martin Fehervary         Jared Spurgeon                                    32     0   2  3  
 3 Ryan Graves              Darren Raddysh                                    24     0   2  3  
 4 Jake McCabe              Rasmus Sandin                                     9      0   2  3  

PowerPlay Forward 
   Center                   Left Wing                Right Wing               Time % Phy DF OF 
 1 Evgeny Kuznetsov         Fabian Zetterlund        Filip Forsberg           55     1   0  4  
 2 Andrew Copp              Mason Marchment          Calle Jarnkrok           45     1   0  4  

PowerPlay Defense
   Defense                  Defense                                           Time % Phy DF OF 
 1 Jake McCabe              Jared Spurgeon                                    55     1   0  4  
 2 Rasmus Sandin            Martin Fehervary                                  45     1   0  4  

Penalty Kill 4 Players Forward 
   Center                   Wing                     Time % Phy DF OF 
 1 Jack Drury               Calle Jarnkrok           55     1   4  0  
 2 Michael McCarron         Isac Lundestrom          45     1   4  0  

Penalty Kill 4 Players Defense
   Defense                  Defense                  Time % Phy DF OF 
 1 Ryan Graves              Darren Raddysh           55     1   4  0  
 2 Rasmus Sandin            Martin Fehervary         45     1   4  0  

Penalty Kill - 3 Players Forward 
   Forward                                           Time % Phy DF OF 
 1 Andrew Copp                                       55     1   4  0  
 2 Jack Drury                                        45     1   4  0  

Penalty Kill - 3 Players Defense
   Defense                  Defense                  Time % Phy DF OF 
 1 Darren Raddysh           Ryan Graves              55     1   4  0  
 2 Rasmus Sandin            Martin Fehervary         45     1   4  0  

4 vs 4 Forward 
   Center                   Wing                     Time % Phy DF OF 
 1 Evgeny Kuznetsov         Filip Forsberg           55     1   1  3  
 2 Andrew Copp              Mason Marchment          45     1   1  3  

4 vs 4 Defense
   Defense                  Defense                  Time % Phy DF OF 
 1 Jake McCabe              Jared Spurgeon           55     1   2  2  
 2 Rasmus Sandin            Martin Fehervary         45     1   2  2  

Last Minutes Offensive
   Center                   Left Wing                Right Wing               Defense                  Defense                  
   Evgeny Kuznetsov         Mason Marchment          Filip Forsberg           Jake McCabe              Jared Spurgeon           

Last Minutes Defensive
   Center                   Left Wing                Right Wing               Defense                  Defense                  
   Andrew Copp              Fabian Zetterlund        Calle Jarnkrok           Ryan Graves              Martin Fehervary         

Goaltenders
Starting : Marc-Andre Fleury        
Backup : Samuel Ersson            

Extra Forwards
Normal : Jack Drury, Andrew Copp, Isac Lundestrom - PP : Jack Drury, Michael McCarron - PK : Cody Glass
Extra Defensemen
Normal : Ryan Graves, Darren Raddysh, Rasmus Sandin - PP : Ryan Graves - PK : Darren Raddysh, Rasmus Sandin
Penalty Shots
Filip Forsberg, Andrew Copp, Fabian Zetterlund, Mason Marchment, Evgeny Kuznetsov
Custom OT Lines Forwards
Filip Forsberg, Andrew Copp, Fabian Zetterlund, Mason Marchment, Evgeny Kuznetsov, Jack Drury, Calle Jarnkrok, Brett Howden, Yakov Trenin, Michael McCarron
Custom OT Lines Defensemen
Jake McCabe, Jared Spurgeon, Rasmus Sandin, Martin Fehervary, Ryan Graves

Scratches
Ryan Johansen (Left Hand Injury), Gustav Lindstrom (Healthy), Jacob Bryson (Healthy)

SAN JOSE BRONCOS

5 vs 5 Forward 
   Center                   Left Wing                Right Wing               Time % Phy DF OF 
 1 Brayden Point            Jesper Bratt             Clayton Keller           36     1   2  2  
 2 Jack Roslovic            Cole Caufield            Oliver Bjorkstrand       31     1   2  2  
 3 Jeff Carter              Ilya Mikheyev            Brett Leason             23     1   2  2  
 4 Zach Benson              Mattias Janmark-Nylen    Tyler Motte              10     1   2  2  

5 vs 5 Defense 
   Defense                  Defense                                           Time % Phy DF OF 
 1 Jaccob Slavin            Thomas Harley                                     36     1   2  2  
 2 Adam Pelech              Timothy Liljegren                                 31     1   2  2  
 3 Jake Walman              Jake Bean                                         23     1   2  2  
 4 Jaccob Slavin            Thomas Harley                                     10     1   2  2  

PowerPlay Forward 
   Center                   Left Wing                Right Wing               Time % Phy DF OF 
 1 Brayden Point            Jesper Bratt             Clayton Keller           55     1   2  2  
 2 Jack Roslovic            Cole Caufield            Oliver Bjorkstrand       45     1   2  2  

PowerPlay Defense
   Defense                  Defense                                           Time % Phy DF OF 
 1 Jaccob Slavin            Thomas Harley                                     55     1   2  2  
 2 Adam Pelech              Timothy Liljegren                                 45     1   2  2  

Penalty Kill 4 Players Forward 
   Center                   Wing                     Time % Phy DF OF 
 1 Brayden Point            Jesper Bratt             55     1   2  2  
 2 Clayton Keller           Oliver Bjorkstrand       45     1   2  2  

Penalty Kill 4 Players Defense
   Defense                  Defense                  Time % Phy DF OF 
 1 Jaccob Slavin            Thomas Harley            55     1   2  2  
 2 Adam Pelech              Timothy Liljegren        45     1   2  2  

Penalty Kill - 3 Players Forward 
   Forward                                           Time % Phy DF OF 
 1 Brayden Point                                     55     1   2  2  
 2 Jesper Bratt                                      45     1   2  2  

Penalty Kill - 3 Players Defense
   Defense                  Defense                  Time % Phy DF OF 
 1 Jaccob Slavin            Thomas Harley            55     1   2  2  
 2 Adam Pelech              Timothy Liljegren        45     1   2  2  

4 vs 4 Forward 
   Center                   Wing                     Time % Phy DF OF 
 1 Brayden Point            Jesper Bratt             55     1   2  2  
 2 Clayton Keller           Oliver Bjorkstrand       45     1   2  2  

4 vs 4 Defense
   Defense                  Defense                  Time % Phy DF OF 
 1 Jaccob Slavin            Thomas Harley            55     1   2  2  
 2 Adam Pelech              Timothy Liljegren        45     1   2  2  

Last Minutes Offensive
   Center                   Left Wing                Right Wing               Defense                  Defense                  
   Brayden Point            Jesper Bratt             Clayton Keller           Jaccob Slavin            Thomas Harley            

Last Minutes Defensive
   Center                   Left Wing                Right Wing               Defense                  Defense                  
   Brayden Point            Jesper Bratt             Clayton Keller           Jaccob Slavin            Thomas Harley            

Goaltenders
Starting : Semyon Varlamov          
Backup : Jonas Johansson          

Extra Forwards
Normal : Jeff Carter, Ilya Mikheyev, Brett Leason - PP : Jeff Carter, Ilya Mikheyev - PK : Brett Leason
Extra Defensemen
Normal : Jake Walman, Jake Bean, Adam Pelech - PP : Jake Walman - PK : Jake Bean, Adam Pelech
Penalty Shots
Brayden Point, Jesper Bratt, Clayton Keller, Oliver Bjorkstrand, Cole Caufield
Custom OT Lines Forwards
Brayden Point, Jesper Bratt, Clayton Keller, Oliver Bjorkstrand, Cole Caufield, Jack Roslovic, Jeff Carter, Ilya Mikheyev, Brett Leason, Zach Benson
Custom OT Lines Defensemen
Jaccob Slavin, Thomas Harley, Adam Pelech, Timothy Liljegren, Jake Walman

Scratches
Alex Goligoski (Healthy), Sonny Milano (Healthy)

% Time on Ice - CALGARY FIREMEN

Lines # - Real PCT - Wanted PCT - Time Play
Normal Forward
1 - 35% - 35% - 19:11
2 - 32% - 32% - 17:11
3 - 21% - 24% - 11:07
4 - 12% - 9% - 6:34
Normal Defense
1 - 33% - 35% - 17:39
2 - 33% - 32% - 18:04
3 - 28% - 24% - 14:57
4 - 6% - 9% - 3:23
PP Forward
1 - 51% - 55% - 2:02
2 - 49% - 45% - 1:56
PP Defense
1 - 51% - 55% - 2:02
2 - 49% - 45% - 1:56
PK Forward
1 - 74% - 55% - 1:28
2 - 26% - 45% - 0:31
PK Defense
1 - 74% - 55% - 1:28
2 - 26% - 45% - 0:31
PK3 Forward
1 - 0% - 55%
2 - 0% - 45%
PK3 Defense
1 - 0% - 55%
2 - 0% - 45%
44 Forward
1 - 0% - 55%
2 - 0% - 45%
44 Defense
1 - 0% - 55%
2 - 0% - 45%
Last Minute Offensive  - 0:00
Last Minute Defensive  - 0:00
Total
Forward - 60:00
Defense - 60:00

% Time on Ice - SAN JOSE BRONCOS

Lines # - Real PCT - Wanted PCT - Time Play
Normal Forward
1 - 36% - 36% - 19:33
2 - 31% - 31% - 16:35
3 - 23% - 23% - 12:16
4 - 10% - 10% - 5:39
Normal Defense
1 - 34% - 36% - 18:09
2 - 34% - 31% - 18:14
3 - 28% - 23% - 15:13
4 - 5% - 10% - 2:27
PP Forward
1 - 50% - 55% - 0:59
2 - 50% - 45% - 1:00
PP Defense
1 - 50% - 55% - 1:00
2 - 50% - 45% - 0:59
PK Forward
1 - 73% - 55% - 2:53
2 - 27% - 45% - 1:05
PK Defense
1 - 66% - 55% - 2:37
2 - 34% - 45% - 1:21
PK3 Forward
1 - 0% - 55%
2 - 0% - 45%
PK3 Defense
1 - 0% - 55%
2 - 0% - 45%
44 Forward
1 - 0% - 55%
2 - 0% - 45%
44 Defense
1 - 0% - 55%
2 - 0% - 45%
Last Minute Offensive  - 0:00
Last Minute Defensive  - 0:00
Total
Forward - 60:00
Defense - 60:00

Play-by-Play

1st period


0:01 of 1st period - Evgeny Kuznetsov wins face-off versus Brayden Point in neutral zone.
0:18 of 1st period - Shot by Mason Marchment.
0:18 of 1st period - Stopped by Semyon Varlamov with a rebound.
0:20 of 1st period - Shot by Evgeny Kuznetsov.
0:20 of 1st period - Shot Blocked by Jaccob Slavin.
0:38 of 1st period - Shot by Filip Forsberg.
0:38 of 1st period - Stopped by Semyon Varlamov with a rebound.
0:40 of 1st period - Shot by Rasmus Sandin.
0:40 of 1st period - Shot Misses the Net.
1:11 of 1st period - Icing by Adam Pelech.
1:12 of 1st period - Jack Drury wins face-off versus Jack Roslovic in SAN JOSE BRONCOS zone.
1:51 of 1st period - Shot by Oliver Bjorkstrand.
1:51 of 1st period - Stopped by Marc-Andre Fleury with a rebound.
2:31 of 1st period - Fabian Zetterlund is hit by Ilya Mikheyev and loses puck.
2:49 of 1st period - Icing by Fabian Zetterlund.
2:50 of 1st period - Andrew Copp wins face-off versus Zach Benson in CALGARY FIREMEN zone.
3:16 of 1st period - Icing by Tyler Motte.
3:17 of 1st period - Brett Howden wins face-off versus Zach Benson in SAN JOSE BRONCOS zone.
3:29 of 1st period - Icing by Thomas Harley.
3:30 of 1st period - Zach Benson wins face-off versus Evgeny Kuznetsov in SAN JOSE BRONCOS zone.
3:47 of 1st period - Icing by Rasmus Sandin.
3:48 of 1st period - Evgeny Kuznetsov wins face-off versus Jesper Bratt in CALGARY FIREMEN zone.
3:48 of 1st period - Filip Forsberg is hit by Brayden Point and loses puck.
3:49 of 1st period - Minor Penalty to Jesper Bratt for Cross-checking.
3:50 of 1st period - Brayden Point wins face-off versus Evgeny Kuznetsov in SAN JOSE BRONCOS zone.
4:05 of 1st period - Shot by Filip Forsberg.
4:05 of 1st period - Shot Misses the Net.
4:07 of 1st period - Shot by Jake McCabe.
4:07 of 1st period - Stopped by Semyon Varlamov without a rebound.
4:08 of 1st period - Brett Leason wins face-off versus Andrew Copp in SAN JOSE BRONCOS zone.
4:25 of 1st period - Shot by Rasmus Sandin.
4:25 of 1st period - Shot Blocked by Timothy Liljegren.
4:36 of 1st period - Icing by Martin Fehervary.
4:37 of 1st period - Andrew Copp wins face-off versus Brayden Point in CALGARY FIREMEN zone.
4:50 of 1st period - Shot by Calle Jarnkrok.
4:50 of 1st period - Shot Blocked by Jaccob Slavin.
5:08 of 1st period - Shot by Clayton Keller.
5:08 of 1st period - Shot Blocked by Martin Fehervary.
5:16 of 1st period - Shot by Oliver Bjorkstrand.
5:16 of 1st period - Shot Blocked by Martin Fehervary.
5:18 of 1st period - Shot by Adam Pelech.
5:18 of 1st period - Stopped by Marc-Andre Fleury without a rebound.
5:19 of 1st period - Evgeny Kuznetsov wins face-off versus Brayden Point in CALGARY FIREMEN zone.
5:34 of 1st period - Shot by Brayden Point.
5:34 of 1st period - Stopped by Marc-Andre Fleury without a rebound.
5:35 of 1st period - Brayden Point wins face-off versus Evgeny Kuznetsov in CALGARY FIREMEN zone.
6:05 of 1st period - Minor Penalty to Jake Bean for Roughing.
6:06 of 1st period - Evgeny Kuznetsov wins face-off versus Brayden Point in SAN JOSE BRONCOS zone.
6:19 of 1st period - Shot by Filip Forsberg.
6:19 of 1st period - Shot Misses the Net.
6:21 of 1st period - Shot by Filip Forsberg.
6:21 of 1st period - Deflect By Evgeny Kuznetsov.
6:21 of 1st period - Shot Misses the Net.
6:23 of 1st period - Shot by Fabian Zetterlund.
6:23 of 1st period - Shot Misses the Net.
6:25 of 1st period - Shot by Filip Forsberg.
6:25 of 1st period - Deflect By Fabian Zetterlund.
6:25 of 1st period - Shot Misses the Net.
6:27 of 1st period - Shot by Fabian Zetterlund.
6:27 of 1st period - Stopped by Semyon Varlamov without a rebound.
6:28 of 1st period - Calle Jarnkrok wins face-off versus Clayton Keller in SAN JOSE BRONCOS zone.
6:50 of 1st period - Shot by Mason Marchment.
6:50 of 1st period - Shot Blocked by Thomas Harley.
6:52 of 1st period - Shot by Rasmus Sandin.
6:52 of 1st period - Stopped by Semyon Varlamov without a rebound.
6:53 of 1st period - Clayton Keller wins face-off versus Fabian Zetterlund in SAN JOSE BRONCOS zone.
7:16 of 1st period - Shot by Filip Forsberg.
7:16 of 1st period - Shot Blocked by Jaccob Slavin.
7:18 of 1st period - Shot by Fabian Zetterlund.
7:18 of 1st period - Shot Misses the Net.
7:32 of 1st period - Shot by Jared Spurgeon.
7:32 of 1st period - Stopped by Semyon Varlamov with a rebound.
8:04 of 1st period - Shot by Mason Marchment.
8:04 of 1st period - Stopped by Semyon Varlamov without a rebound.
8:05 of 1st period - Jack Drury wins face-off versus Jack Roslovic in SAN JOSE BRONCOS zone.
8:27 of 1st period - Off-side.
8:28 of 1st period - Jeff Carter wins face-off versus Brett Howden in neutral zone.
8:42 of 1st period - Off-side.
8:43 of 1st period - Jack Roslovic wins face-off versus Andrew Copp in neutral zone.
8:48 of 1st period - Shot by Cole Caufield.
8:48 of 1st period - Shot Misses the Net.
8:54 of 1st period - Shot by Fabian Zetterlund.
8:54 of 1st period - Stopped by Semyon Varlamov without a rebound.
8:55 of 1st period - Evgeny Kuznetsov wins face-off versus Brayden Point in SAN JOSE BRONCOS zone.
9:06 of 1st period - Shot by Mason Marchment.
9:06 of 1st period - Shot Misses the Net.
9:42 of 1st period - Brayden Point is hit by Mason Marchment and loses puck.
9:59 of 1st period - Filip Forsberg is hit by Thomas Harley and loses puck.
10:14 of 1st period - Rasmus Sandin is hit by Oliver Bjorkstrand and loses puck.
10:36 of 1st period - Shot by Cole Caufield.
10:36 of 1st period - Goal by Cole Caufield - CALGARY FIREMEN : 0 - SAN JOSE BRONCOS : 1.
10:37 of 1st period - Jack Drury wins face-off versus Jeff Carter in neutral zone.
11:23 of 1st period - Icing by Adam Pelech.
11:24 of 1st period - Jeff Carter wins face-off versus Andrew Copp in SAN JOSE BRONCOS zone.
11:59 of 1st period - Shot by Andrew Copp.
11:59 of 1st period - Stopped by Semyon Varlamov without a rebound.
12:00 of 1st period - Brayden Point wins face-off versus Evgeny Kuznetsov in SAN JOSE BRONCOS zone.
12:07 of 1st period - Shot by Brayden Point.
12:07 of 1st period - Stopped by Marc-Andre Fleury with a rebound.
13:06 of 1st period - Shot by Cole Caufield.
13:06 of 1st period - Deflect By Jack Roslovic.
13:06 of 1st period - Stopped by Marc-Andre Fleury without a rebound.
13:07 of 1st period - Calle Jarnkrok wins face-off versus Zach Benson in CALGARY FIREMEN zone.
13:07 of 1st period - Calle Jarnkrok is hit by Mattias Janmark-Nylen.
13:12 of 1st period - Icing by Andrew Copp.
13:13 of 1st period - Jack Roslovic wins face-off versus Fabian Zetterlund in CALGARY FIREMEN zone.
13:19 of 1st period - Shot by Cole Caufield.
13:19 of 1st period - Stopped by Marc-Andre Fleury without a rebound.
13:20 of 1st period - Andrew Copp wins face-off versus Jack Roslovic in CALGARY FIREMEN zone.
14:34 of 1st period - Icing by Isac Lundestrom.
14:35 of 1st period - Jack Drury wins face-off versus Jeff Carter in CALGARY FIREMEN zone.
15:52 of 1st period - Filip Forsberg is hit by Jaccob Slavin and loses puck.
16:06 of 1st period - Shot by Brayden Point.
16:06 of 1st period - Stopped by Marc-Andre Fleury without a rebound.
16:07 of 1st period - Oliver Bjorkstrand wins face-off versus Andrew Copp in CALGARY FIREMEN zone.
16:10 of 1st period - Shot by Oliver Bjorkstrand.
16:10 of 1st period - Shot Misses the Net.
16:32 of 1st period - Shot by Fabian Zetterlund.
16:32 of 1st period - Shot Misses the Net.
16:48 of 1st period - Shot by Calle Jarnkrok.
16:48 of 1st period - Deflect By Fabian Zetterlund.
16:48 of 1st period - Stopped by Semyon Varlamov with a rebound.
17:13 of 1st period - Brayden Point is hit by Jared Spurgeon and loses puck.
17:28 of 1st period - Shot by Brayden Point.
17:28 of 1st period - Stopped by Marc-Andre Fleury without a rebound.
17:29 of 1st period - Jeff Carter wins face-off versus Brett Howden in CALGARY FIREMEN zone.
18:21 of 1st period - Icing by Jeff Carter.
18:22 of 1st period - Jeff Carter wins face-off versus Evgeny Kuznetsov in SAN JOSE BRONCOS zone.
18:57 of 1st period - Shot by Filip Forsberg.
18:57 of 1st period - Shot Misses the Net.
18:59 of 1st period - Shot by Filip Forsberg.
18:59 of 1st period - Shot Blocked by Jaccob Slavin.
19:01 of 1st period - Shot by Mason Marchment.
19:01 of 1st period - Deflect By Filip Forsberg.
19:01 of 1st period - Shot Misses the Net.
Goals for this period are 0 for CALGARY FIREMEN vs 1 for SAN JOSE BRONCOS.
Shots for this period are 10 for CALGARY FIREMEN vs 9 for SAN JOSE BRONCOS.

2nd period


0:01 of 2nd period - Evgeny Kuznetsov wins face-off versus Brayden Point in neutral zone.
0:14 of 2nd period - Jake McCabe is hit by Jesper Bratt and loses puck.
0:47 of 2nd period - Shot by Jesper Bratt.
0:47 of 2nd period - Shot Misses the Net.
1:17 of 2nd period - Shot by Calle Jarnkrok.
1:17 of 2nd period - Shot Misses the Net.
1:19 of 2nd period - Shot by Calle Jarnkrok.
1:19 of 2nd period - Stopped by Semyon Varlamov without a rebound.
1:20 of 2nd period - Jack Drury wins face-off versus Zach Benson in SAN JOSE BRONCOS zone.
2:07 of 2nd period - Icing by Jake Bean.
2:08 of 2nd period - Andrew Copp wins face-off versus Zach Benson in SAN JOSE BRONCOS zone.
2:15 of 2nd period - Shot by Fabian Zetterlund.
2:15 of 2nd period - Stopped by Semyon Varlamov without a rebound.
2:16 of 2nd period - Brayden Point wins face-off versus Andrew Copp in SAN JOSE BRONCOS zone.
2:16 of 2nd period - Brayden Point is hit by Andrew Copp.
2:33 of 2nd period - Off-side.
2:34 of 2nd period - Jack Roslovic wins face-off versus Evgeny Kuznetsov in neutral zone.
3:20 of 2nd period - Shot by Mason Marchment.
3:20 of 2nd period - Stopped by Semyon Varlamov without a rebound.
3:21 of 2nd period - Brayden Point wins face-off versus Andrew Copp in SAN JOSE BRONCOS zone.
3:30 of 2nd period - Shot by Fabian Zetterlund.
3:30 of 2nd period - Deflect By Andrew Copp.
3:30 of 2nd period - Shot Misses the Net.
3:38 of 2nd period - Jesper Bratt is hit by Calle Jarnkrok and loses puck.
4:32 of 2nd period - Shot by Brett Leason.
4:32 of 2nd period - Stopped by Marc-Andre Fleury without a rebound.
4:33 of 2nd period - Jack Drury wins face-off versus Jack Roslovic in CALGARY FIREMEN zone.
5:16 of 2nd period - Icing by Isac Lundestrom.
5:17 of 2nd period - Brayden Point wins face-off versus Jack Drury in CALGARY FIREMEN zone.
5:38 of 2nd period - Jesper Bratt is hit by Martin Fehervary and loses puck.
5:55 of 2nd period - Shot by Evgeny Kuznetsov.
5:55 of 2nd period - Shot Blocked by Jaccob Slavin.
5:57 of 2nd period - Shot by Filip Forsberg.
5:57 of 2nd period - Shot Misses the Net.
5:59 of 2nd period - Shot by Mason Marchment.
5:59 of 2nd period - Stopped by Semyon Varlamov without a rebound.
6:00 of 2nd period - Jeff Carter wins face-off versus Brett Howden in SAN JOSE BRONCOS zone.
6:13 of 2nd period - Shot by Jeff Carter.
6:13 of 2nd period - Stopped by Marc-Andre Fleury with a rebound.
7:30 of 2nd period - Shot by Mason Marchment.
7:30 of 2nd period - Shot Misses the Net.
7:32 of 2nd period - Shot by Ryan Graves.
7:32 of 2nd period - Shot Blocked by Timothy Liljegren.
7:34 of 2nd period - Shot by Mason Marchment.
7:34 of 2nd period - Stopped by Semyon Varlamov without a rebound.
7:35 of 2nd period - Andrew Copp wins face-off versus Brayden Point in SAN JOSE BRONCOS zone.
8:13 of 2nd period - Icing by Andrew Copp.
8:14 of 2nd period - Andrew Copp wins face-off versus Jeff Carter in CALGARY FIREMEN zone.
8:38 of 2nd period - Icing by Jake Walman.
8:39 of 2nd period - Evgeny Kuznetsov wins face-off versus Jeff Carter in SAN JOSE BRONCOS zone.
8:40 of 2nd period - Shot by Filip Forsberg.
8:40 of 2nd period - Stopped by Semyon Varlamov with a rebound.
8:42 of 2nd period - Shot by Jake McCabe.
8:42 of 2nd period - Shot Blocked by Jake Bean.
9:36 of 2nd period - Icing by Jake Walman.
9:37 of 2nd period - Jeff Carter wins face-off versus Jack Drury in SAN JOSE BRONCOS zone.
10:06 of 2nd period - Shot by Jack Drury.
10:06 of 2nd period - Shot Blocked by Jake Walman.
10:15 of 2nd period - Icing by Jake Walman.
10:16 of 2nd period - Jeff Carter wins face-off versus Andrew Copp in SAN JOSE BRONCOS zone.
10:26 of 2nd period - Shot by Calle Jarnkrok.
10:26 of 2nd period - Shot Hit the Post.
10:50 of 2nd period - Shot by Andrew Copp.
10:50 of 2nd period - Stopped by Semyon Varlamov without a rebound.
10:51 of 2nd period - Evgeny Kuznetsov wins face-off versus Jack Roslovic in SAN JOSE BRONCOS zone.
11:00 of 2nd period - Icing by Adam Pelech.
11:01 of 2nd period - Jack Drury wins face-off versus Jack Roslovic in SAN JOSE BRONCOS zone.
11:02 of 2nd period - Shot by Isac Lundestrom.
11:02 of 2nd period - Shot Misses the Net.
11:38 of 2nd period - Shot by Oliver Bjorkstrand.
11:38 of 2nd period - Stopped by Marc-Andre Fleury without a rebound.
11:39 of 2nd period - Brayden Point wins face-off versus Evgeny Kuznetsov in CALGARY FIREMEN zone.
11:42 of 2nd period - Shot by Clayton Keller.
11:42 of 2nd period - Goal by Clayton Keller - CALGARY FIREMEN : 0 - SAN JOSE BRONCOS : 2.
11:43 of 2nd period - Evgeny Kuznetsov wins face-off versus Brayden Point in neutral zone.
12:03 of 2nd period - Icing by Jaccob Slavin.
12:04 of 2nd period - Andrew Copp wins face-off versus Brayden Point in SAN JOSE BRONCOS zone.
12:17 of 2nd period - Shot by Jesper Bratt.
12:17 of 2nd period - Shot Blocked by Jake McCabe.
12:19 of 2nd period - Shot by Thomas Harley.
12:19 of 2nd period - Shot Misses the Net.
13:02 of 2nd period - Oliver Bjorkstrand is hit by Jake McCabe and loses puck.
13:07 of 2nd period - Shot by Cole Caufield.
13:07 of 2nd period - Shot Misses the Net.
13:09 of 2nd period - Shot by Cole Caufield.
13:09 of 2nd period - Goal by Cole Caufield - CALGARY FIREMEN : 0 - SAN JOSE BRONCOS : 3.
13:10 of 2nd period - Evgeny Kuznetsov wins face-off versus Zach Benson in neutral zone.
13:35 of 2nd period - Icing by Mason Marchment.
13:36 of 2nd period - Jack Roslovic wins face-off versus Evgeny Kuznetsov in CALGARY FIREMEN zone.
13:47 of 2nd period - Filip Forsberg is hit by Oliver Bjorkstrand and loses puck.
14:33 of 2nd period - Clayton Keller is hit by Darren Raddysh and loses puck.
14:49 of 2nd period - Jesper Bratt is hit by Ryan Graves and loses puck.
14:55 of 2nd period - Brayden Point is hit by Darren Raddysh and loses puck.
15:18 of 2nd period - Darren Raddysh is hit by Jesper Bratt and loses puck.
16:13 of 2nd period - Icing by Jake Walman.
16:14 of 2nd period - Evgeny Kuznetsov wins face-off versus Zach Benson in SAN JOSE BRONCOS zone.
16:35 of 2nd period - Evgeny Kuznetsov is hit by Adam Pelech and loses puck.
16:58 of 2nd period - Shot by Cole Caufield.
16:58 of 2nd period - Stopped by Marc-Andre Fleury without a rebound.
16:59 of 2nd period - Brayden Point wins face-off versus Andrew Copp in CALGARY FIREMEN zone.
17:02 of 2nd period - Shot by Jesper Bratt.
17:02 of 2nd period - Shot Misses the Net.
17:10 of 2nd period - Shot by Clayton Keller.
17:10 of 2nd period - Stopped by Marc-Andre Fleury with a rebound.
17:12 of 2nd period - Shot by Brayden Point.
17:12 of 2nd period - Stopped by Marc-Andre Fleury without a rebound.
17:13 of 2nd period - Ilya Mikheyev wins face-off versus Cody Glass in CALGARY FIREMEN zone.
17:27 of 2nd period - Brett Leason is hit by Yakov Trenin and loses puck.
17:44 of 2nd period - Shot by Jeff Carter.
17:44 of 2nd period - Shot Blocked by Martin Fehervary.
19:38 of 2nd period - Icing by Ryan Graves.
19:39 of 2nd period - Evgeny Kuznetsov wins face-off versus Zach Benson in CALGARY FIREMEN zone.
19:56 of 2nd period - Shot by Mason Marchment.
19:56 of 2nd period - Shot Misses the Net.
Goals for this period are 0 for CALGARY FIREMEN vs 2 for SAN JOSE BRONCOS.
Shots for this period are 7 for CALGARY FIREMEN vs 8 for SAN JOSE BRONCOS.

3rd period


0:01 of 3rd period - Brayden Point wins face-off versus Calle Jarnkrok in neutral zone.
0:01 of 3rd period - Clayton Keller is hit by Calle Jarnkrok and loses puck.
0:12 of 3rd period - Shot by Clayton Keller.
0:12 of 3rd period - Stopped by Marc-Andre Fleury without a rebound.
0:13 of 3rd period - Evgeny Kuznetsov wins face-off versus Jack Roslovic in CALGARY FIREMEN zone.
0:26 of 3rd period - Shot by Oliver Bjorkstrand.
0:26 of 3rd period - Shot Blocked by Jared Spurgeon.
0:52 of 3rd period - Shot by Filip Forsberg.
0:52 of 3rd period - Stopped by Semyon Varlamov without a rebound.
0:53 of 3rd period - Brayden Point wins face-off versus Fabian Zetterlund in SAN JOSE BRONCOS zone.
1:06 of 3rd period - Shot by Fabian Zetterlund.
1:06 of 3rd period - Stopped by Semyon Varlamov without a rebound.
1:07 of 3rd period - Jeff Carter wins face-off versus Jack Drury in SAN JOSE BRONCOS zone.
1:30 of 3rd period - Shot by Michael McCarron.
1:30 of 3rd period - Shot Misses the Net.
1:32 of 3rd period - Shot by Isac Lundestrom.
1:32 of 3rd period - Stopped by Semyon Varlamov with a rebound.
1:36 of 3rd period - Shot by Michael McCarron.
1:36 of 3rd period - Shot Misses the Net.
1:38 of 3rd period - Shot by Isac Lundestrom.
1:38 of 3rd period - Stopped by Semyon Varlamov with a rebound.
1:40 of 3rd period - Shot by Michael McCarron.
1:40 of 3rd period - Shot Misses the Net.
1:42 of 3rd period - Shot by Isac Lundestrom.
1:42 of 3rd period - Shot Misses the Net.
2:15 of 3rd period - Icing by Jeff Carter.
2:16 of 3rd period - Evgeny Kuznetsov wins face-off versus Jeff Carter in SAN JOSE BRONCOS zone.
2:25 of 3rd period - Shot by Filip Forsberg.
2:25 of 3rd period - Stopped by Semyon Varlamov without a rebound.
2:26 of 3rd period - Brayden Point wins face-off versus Andrew Copp in SAN JOSE BRONCOS zone.
3:02 of 3rd period - Jake McCabe is hit by Jesper Bratt and loses puck.
3:56 of 3rd period - Shot by Jack Roslovic.
3:56 of 3rd period - Deflect By Cole Caufield.
3:56 of 3rd period - Stopped by Marc-Andre Fleury with a rebound.
4:36 of 3rd period - Icing by Mattias Janmark-Nylen.
4:37 of 3rd period - Brett Howden wins face-off versus Zach Benson in SAN JOSE BRONCOS zone.
5:06 of 3rd period - Icing by Darren Raddysh.
5:07 of 3rd period - Brett Howden wins face-off versus Brayden Point in CALGARY FIREMEN zone.
5:07 of 3rd period - Brett Howden is hit by Jesper Bratt.
5:23 of 3rd period - Shot by Clayton Keller.
5:23 of 3rd period - Shot Misses the Net.
5:27 of 3rd period - Shot by Brayden Point.
5:27 of 3rd period - Shot Blocked by Ryan Graves.
5:39 of 3rd period - Shot by Brayden Point.
5:39 of 3rd period - Stopped by Marc-Andre Fleury without a rebound.
5:40 of 3rd period - Evgeny Kuznetsov wins face-off versus Jack Roslovic in CALGARY FIREMEN zone.
5:50 of 3rd period - Shot by Filip Forsberg.
5:50 of 3rd period - Shot Misses the Net.
5:52 of 3rd period - Shot by Rasmus Sandin.
5:52 of 3rd period - Shot Misses the Net.
6:21 of 3rd period - Shot by Mason Marchment.
6:21 of 3rd period - Stopped by Semyon Varlamov without a rebound.
6:22 of 3rd period - Andrew Copp wins face-off versus Brayden Point in SAN JOSE BRONCOS zone.
7:15 of 3rd period - Jared Spurgeon is hit by Thomas Harley and loses puck.
7:51 of 3rd period - Shot by Ilya Mikheyev.
7:51 of 3rd period - Shot Misses the Net.
7:53 of 3rd period - Shot by Adam Pelech.
7:53 of 3rd period - Stopped by Marc-Andre Fleury without a rebound.
7:54 of 3rd period - Evgeny Kuznetsov wins face-off versus Jack Roslovic in CALGARY FIREMEN zone.
8:30 of 3rd period - Shot by Cole Caufield.
8:30 of 3rd period - Deflect By Oliver Bjorkstrand.
8:30 of 3rd period - Stopped by Marc-Andre Fleury without a rebound.
8:31 of 3rd period - Jeff Carter wins face-off versus Brett Howden in CALGARY FIREMEN zone.
8:31 of 3rd period - Minor Penalty to Ryan Graves for Tripping.
8:32 of 3rd period - Jack Drury wins face-off versus Brayden Point in CALGARY FIREMEN zone.
9:42 of 3rd period - Shot by Jaccob Slavin.
9:42 of 3rd period - Shot Misses the Net.
10:02 of 3rd period - Icing by Jack Roslovic.
10:03 of 3rd period - Michael McCarron wins face-off versus Jack Roslovic in SAN JOSE BRONCOS zone.
10:39 of 3rd period - Shot by Jeff Carter.
10:39 of 3rd period - Shot Misses the Net.
10:48 of 3rd period - Icing by Jake McCabe.
10:49 of 3rd period - Evgeny Kuznetsov wins face-off versus Brayden Point in CALGARY FIREMEN zone.
11:07 of 3rd period - Evgeny Kuznetsov is hit by Clayton Keller and loses puck.
11:08 of 3rd period - Evgeny Kuznetsov from CALGARY FIREMEN is injured at 11:08 of 3rd period (Broken Ribs).
11:09 of 3rd period - Jeff Carter wins face-off versus Brett Howden in CALGARY FIREMEN zone.
11:10 of 3rd period - Shot by Ilya Mikheyev.
11:10 of 3rd period - Goal by Ilya Mikheyev - CALGARY FIREMEN : 0 - SAN JOSE BRONCOS : 4.
11:11 of 3rd period - Jack Roslovic wins face-off versus Brett Howden in neutral zone.
11:22 of 3rd period - Shot by Jack Roslovic.
11:22 of 3rd period - Shot Hit the Post.
11:30 of 3rd period - Shot by Cole Caufield.
11:30 of 3rd period - Shot Misses the Net.
11:32 of 3rd period - Shot by Cole Caufield.
11:32 of 3rd period - Stopped by Marc-Andre Fleury with a rebound.
11:34 of 3rd period - Shot by Jaccob Slavin.
11:34 of 3rd period - Deflect By Cole Caufield.
11:34 of 3rd period - Goal by Cole Caufield - CALGARY FIREMEN : 0 - SAN JOSE BRONCOS : 5.
11:35 of 3rd period - Brayden Point wins face-off versus Andrew Copp in neutral zone.
11:48 of 3rd period - Shot by Fabian Zetterlund.
11:48 of 3rd period - Shot Misses the Net.
12:08 of 3rd period - Shot by Andrew Copp.
12:08 of 3rd period - Shot Blocked by Timothy Liljegren.
12:10 of 3rd period - Shot by Fabian Zetterlund.
12:10 of 3rd period - Stopped by Semyon Varlamov without a rebound.
12:11 of 3rd period - Jack Roslovic wins face-off versus Jack Drury in SAN JOSE BRONCOS zone.
12:15 of 3rd period - Off-side.
12:16 of 3rd period - Jack Drury wins face-off versus Jack Roslovic in neutral zone.
12:19 of 3rd period - Shot by Filip Forsberg.
12:19 of 3rd period - Shot Blocked by Thomas Harley.
12:34 of 3rd period - Shot by Mason Marchment.
12:34 of 3rd period - Shot Hit the Post.
12:36 of 3rd period - Shot by Jake McCabe.
12:36 of 3rd period - Stopped by Semyon Varlamov without a rebound.
12:37 of 3rd period - Andrew Copp wins face-off versus Brayden Point in SAN JOSE BRONCOS zone.
12:38 of 3rd period - Shot by Fabian Zetterlund.
12:38 of 3rd period - Stopped by Semyon Varlamov without a rebound.
12:39 of 3rd period - Brayden Point wins face-off versus Andrew Copp in SAN JOSE BRONCOS zone.
12:39 of 3rd period - Brayden Point is hit by Fabian Zetterlund.
12:54 of 3rd period - Jaccob Slavin is hit by Calle Jarnkrok and loses puck.
13:23 of 3rd period - Jesper Bratt is hit by Fabian Zetterlund and loses puck.
13:39 of 3rd period - Shot by Filip Forsberg.
13:39 of 3rd period - Stopped by Semyon Varlamov with a rebound.
14:04 of 3rd period - Shot by Jack Drury.
14:04 of 3rd period - Shot Misses the Net.
14:06 of 3rd period - Shot by Jack Drury.
14:06 of 3rd period - Shot Misses the Net.
14:08 of 3rd period - Shot by Jared Spurgeon.
14:08 of 3rd period - Shot Blocked by Jaccob Slavin.
14:10 of 3rd period - Shot by Filip Forsberg.
14:10 of 3rd period - Shot Misses the Net.
14:48 of 3rd period - Shot by Jack Roslovic.
14:48 of 3rd period - Shot Blocked by Darren Raddysh.
14:50 of 3rd period - Shot by Jack Roslovic.
14:50 of 3rd period - Stopped by Marc-Andre Fleury without a rebound.
14:51 of 3rd period - Jeff Carter wins face-off versus Fabian Zetterlund in CALGARY FIREMEN zone.
15:02 of 3rd period - Ilya Mikheyev is hit by Jake McCabe and loses puck.
15:23 of 3rd period - Shot by Ilya Mikheyev.
15:23 of 3rd period - Shot Blocked by Rasmus Sandin.
15:46 of 3rd period - Icing by Fabian Zetterlund.
15:47 of 3rd period - Jack Roslovic wins face-off versus Andrew Copp in CALGARY FIREMEN zone.
15:48 of 3rd period - Shot by Cole Caufield.
15:48 of 3rd period - Stopped by Marc-Andre Fleury without a rebound.
15:49 of 3rd period - Jack Roslovic wins face-off versus Jack Drury in CALGARY FIREMEN zone.
15:56 of 3rd period - Shot by Cole Caufield.
15:56 of 3rd period - Stopped by Marc-Andre Fleury without a rebound.
15:57 of 3rd period - Jack Drury wins face-off versus Jack Roslovic in CALGARY FIREMEN zone.
16:01 of 3rd period - Jared Spurgeon is hit by Timothy Liljegren and loses puck.
16:10 of 3rd period - Shot by Filip Forsberg.
16:10 of 3rd period - Stopped by Semyon Varlamov without a rebound.
16:11 of 3rd period - Jesper Bratt wins face-off versus Brett Howden in SAN JOSE BRONCOS zone.
16:11 of 3rd period - Jesper Bratt is hit by Yakov Trenin.
16:33 of 3rd period - Shot by Clayton Keller.
16:33 of 3rd period - Stopped by Marc-Andre Fleury without a rebound.
16:34 of 3rd period - Jack Drury wins face-off versus Jack Roslovic in CALGARY FIREMEN zone.
16:46 of 3rd period - Icing by Adam Pelech.
16:47 of 3rd period - Oliver Bjorkstrand wins face-off versus Filip Forsberg in SAN JOSE BRONCOS zone.
16:47 of 3rd period - Oliver Bjorkstrand is hit by Filip Forsberg.
17:18 of 3rd period - Mason Marchment is hit by Oliver Bjorkstrand and loses puck.
17:49 of 3rd period - Thomas Harley is hit by Calle Jarnkrok and loses puck.
18:03 of 3rd period - Jesper Bratt is hit by Jake McCabe and loses puck.
18:09 of 3rd period - Clayton Keller is hit by Jake McCabe and loses puck.
18:22 of 3rd period - Shot by Brayden Point.
18:22 of 3rd period - Shot Misses the Net.
18:24 of 3rd period - Shot by Jesper Bratt.
18:24 of 3rd period - Stopped by Marc-Andre Fleury without a rebound.
18:25 of 3rd period - Jeff Carter wins face-off versus Brett Howden in CALGARY FIREMEN zone.
18:30 of 3rd period - Shot by Brett Leason.
18:30 of 3rd period - Stopped by Marc-Andre Fleury with a rebound.
18:42 of 3rd period - Shot by Cody Glass.
18:42 of 3rd period - Shot Misses the Net.
18:52 of 3rd period - Shot by Cody Glass.
18:52 of 3rd period - Shot Misses the Net.
18:54 of 3rd period - Shot by Darren Raddysh.
18:54 of 3rd period - Stopped by Semyon Varlamov with a rebound.
18:56 of 3rd period - Shot by Darren Raddysh.
18:56 of 3rd period - Shot Misses the Net.
18:58 of 3rd period - Shot by Brett Howden.
18:58 of 3rd period - Goal by Brett Howden - CALGARY FIREMEN : 1 - SAN JOSE BRONCOS : 5.
18:59 of 3rd period - Jack Drury wins face-off versus Zach Benson in neutral zone.
Goals for this period are 1 for CALGARY FIREMEN vs 2 for SAN JOSE BRONCOS.
Shots for this period are 13 for CALGARY FIREMEN vs 14 for SAN JOSE BRONCOS.


MATTHEW
TKACHUK
TOM
WILSON
JAKE
GUENTZEL